 Dungeon Crawl Stone Soup version 0.30.1-10-g1249ef9ec4 (webtiles) character file.

Game seed: 16527380774772952611

247 lonewolfV2 the Ducker (level 5, -5/41 HPs)
             Began as a Demonspawn Fighter on Oct 26, 2023.
             Killed by divine providence
             ... invoked by an orc priest
              (17 damage)
             ... on level 3 of the Dungeon.
             The game lasted 00:03:40 (2540 turns).

lonewolfV2 the Ducker (Demonspawn Fighter)          Turns: 2540, Time: 00:03:41

Health: -5/41      AC:  7    Str: 18    XL:     5   Next: 85%
Magic:  5/5        EV: 10    Int: 10    God:
Gold:   205        SH: 10    Dex: 12    Spells: 4/4 levels left

rFire   . . .        a - +0 war axe
rCold   . . .        c - +0 buckler
rNeg    . . .        b - +0 scale mail
rPois   .            (no helmet)
rElec   .            (no cloak)
rCorr   .            (no gloves)
SInv    .            (no boots)
Will    .....        (no amulet) Stlth
                     (no ring)
HPRegen 0.26/turn    (no ring)
MPRegen 0.09/turn

%: no passive effects
@: no status effects
A: large bone plates 2, foul stench 1
a: no special abilities


You were on level 3 of the Dungeon.
You visited 1 branch of the dungeon, and saw 3 of its levels.

You collected 205 gold pieces.

Inventory:

Hand Weapons
 a - a +0 war axe (weapon)
Armour
 b - a +0 scale mail (worn)
 c - a +0 buckler (worn)
Scrolls
 e - 2 scrolls of identify
 h - a scroll of teleportation
 i - a scroll of amnesia
Potions
 d - a potion of might
 f - 2 potions of berserk rage
 g - a potion of flight {unknown}


   Skills:
 - Level 3.0 Fighting
 - Level 1.7 Axes
 + Level 4.0 Armour
 * Level 4.2 Dodging
 - Level 2.6 Shields


You had 4 spell levels left.
You didn't know any spells.
Your spell library was empty.

Dungeon Overview and Level Annotations

Branches:
Dungeon (3/15)

Altars:
Dithmenos

Annotations:
D:3 1 runed translucent door


Innate Abilities, Weirdness & Mutations

You are mostly covered in large bone plates. (SH +6)
You may rarely emit foul miasma when damaged in melee.


Message History

The orc priest mumbles some strange prayers to Beogh against you.
Something writhes in agony.
The orc priest calls down the wrath of Beogh upon you.
Something writhes in agony.
Something hits you.
The orc priest looks encouraged for a moment.
You bump into the rock wall.
The orc priest miscasts a cantrip.
Something hits you but does no damage.
You barely miss something. Something hits you.
The orc priest invokes the aid of Beogh against you.
Something writhes in agony!
Reactivating autopickup.
The orc priest invokes the aid of Beogh against you.
Beogh smites you!
You bump into the rock wall.
You bump into the rock wall.
The orc priest casts a cantrip, but nothing happens.
You miss the orc priest.
The orc priest is lightly wounded.
You feel less confused.
The orc priest hits you with a +0 hand axe.
The orc priest looks braver for a moment.
The orc priest hits you but does no damage.
You closely miss the orc priest.
The orc priest is lightly wounded.
You block the orc priest's attack.
The orc priest looks braver for a moment.
You barely miss the orc priest.
The orc priest is lightly wounded.
The orc priest hits you but does no damage.
You slash the orc priest!
The orc priest is severely wounded.
The orc priest hits you with a +0 hand axe.
* * * LOW HITPOINT WARNING * * *
You block the orc priest's attack.
You slash the orc priest!
You kill the orc priest!
The orc priest calls down the wrath of Beogh upon you.
Beogh smites you!
You die...

..........####....#
........ #..##..##
........##..##..#
..Jo...##....##.#
......##....##.#
.....#......#.#
#..#...<..#.#
####o..........#
#.@o...††.#.####
#.##.......>.... #.
#....#.......
#.......#.$.##....
........##### ##.#
#.#.....## #
#...###.#
#.#.#p+.#.


You could see an orc priest and an orc.

Vanquished Creatures
  Pargi (D:3)
  3 orc priests (D:3)
  3 adders
  A worm (D:3)
  2 dart slugs
  4 orcs (D:3)
  5 bats
  4 endoplasms
  2 giant cockroaches (D:1)
  A goblin (D:1)
  2 hobgoblins
  3 jackals (D:1)
  2 quokkas (D:3)
  7 ball pythons
  4 frilled lizards
  A goblin skeleton (D:3)
  4 kobolds
  7 rats
56 creatures vanquished.

Vanquished Creatures (others)
  An orc wizard (D:3)
1 creature vanquished.

Grand Total: 57 creatures vanquished

Notes
Turn   | Place    | Note
-------+----------+-------------------------------------------
     0 | D:1      | lonewolfV2 the Demonspawn Fighter began the quest for the
                  | Orb.
     0 | D:1      | Reached XP level 1. HP: 18/18 MP: 1/1
   129 | D:1      | Reached skill level 1 in Dodging
   133 | D:1      | Gained mutation: You may rarely emit foul miasma when
                  | damaged in melee. [demonic ancestry]
   133 | D:1      | Reached XP level 2. HP: 17/24 MP: 2/2
   952 | D:1      | Reached XP level 3. HP: 27/29 MP: 3/3
  1204 | D:2      | Identified the +2 robe of Lust {+Inv}
  1521 | D:2      | Found a shadowy altar of Dithmenos.
  1661 | D:3      | Gained mutation: You are partially covered in large bone
                  | plates. (SH +4) [demonic ancestry]
  1661 | D:3      | Reached XP level 4. HP: 20/35 MP: 4/4
  2206 | D:3      | Noticed Pargi
  2208 | D:3      | Gained mutation: You are mostly covered in large bone
                  | plates. (SH +6) [demonic ancestry]
  2208 | D:3      | Reached XP level 5. HP: 41/41 MP: 5/5
  2219 | D:3      | Killed Pargi
  2505 | D:3      | Found a runed translucent door.
  2505 | D:3      | Noticed a human
  2540 | D:3      | Killed from afar by an orc priest

Illustrated notes

Levels and vault maps discovered:
D:1:      onia_arrival_mini_maze, layout_loops_ring
D:2:      layout_loops_ring, basic_altar, minmay_misc_feat_cross
D:3:      layout_basic, mainiacjoe_overflow_24_doors, dk_yredelemnul_ordeal,
          minmay_misc_feat_x, minivault_14, uniq_pargi

Skill      XL: |  1  2  3  4  5 |
---------------+----------------+-----
Dodging        | 1 2 3 4 |  4.2
Armour         | 3 4 |  4.0
Fighting       | |  3.0
Axes           | |  1.7
Shields        | |  2.6

Action                     |  1- 3 |  4- 6 || total
---------------------------+-------+-------++-------
  Melee: War axe           |   106 |    64 ||   170
    Use: Scroll            |     6 |       ||     6
 Armour: Scale mail        |    65 |    26 ||    91
  Dodge: Dodged            |    57 |    31 ||    88
  Block: Buckler           |    31 |    35 ||    66
